 Dungeon Crawl Stone Soup version 0.27-a0-695-gb4952372f7 (webtiles) character file.

Game seed: 11520699587114129069

18 sahdkjhfkaj the Sneak (level 2, -4/17 HPs)
             Began as an Octopode Enchanter on Mar 21, 2021.
             Slain by a hobgoblin
             ... wielding a +0 club
              (5 damage)
             ... on level 1 of the Dungeon.
             The game lasted 00:03:01 (1556 turns).

sahdkjhfkaj the Sneak (Octopode Enchanter)          Turns: 1556, Time: 00:03:01

Health: -4/17      AC:  1    Str:  7    XL:     2   Next: 70%
Magic:  0/5        EV: 13    Int: 17    God:
Gold:   40         SH:  0    Dex: 12    Spells: 2/5 levels left

rFire    . . .     SeeInvis .   a - +1 dagger
rCold    . . .     Faith    .   (no shield)
rNeg     . . .     Spirit   .   (helmet restricted)
rPois    .         Reflect  .   (no amulet)
rElec    .         Harm     .   (no ring)
rCorr    .         Rampage  .   (no ring)
Will     .....                  (no ring)
Stlth    ++++......             (no ring)
HPRegen  0.05/turn              (no ring)
MPRegen  0.09/turn              (no ring)
                                (no ring)
                                (no ring)

@: no status effects
A: almost no armour, amphibious, 8 rings, camouflage 1, gelatinous body 1,
nimble swimmer 1, tentacles
a: no special abilities


You were on level 1 of the Dungeon.
You visited 1 branch of the dungeon, and saw 1 of its levels.

You collected 40 gold pieces.

Inventory:

Hand Weapons
 a - a +1 dagger (weapon)
Scrolls
 b - 2 scrolls of identify {unknown}
 c - a scroll of amnesia {unknown}
 d - a scroll of holy word {unknown}


   Skills:
 - Level 1.0 Short Blades
 - Level 2.0 Dodging
 - Level 5.0 Stealth
 - Level 2.0 Spellcasting
 + Level 3.3 Hexes


You had 2 spell levels left.
You knew the following spells:

 Your Spells              Type           Power      Damage    Failure   Level
a - Corona                Hex            14%        N/A       4%          1
x - Ensorcelled Hibernat  Hex/Ice        14%        N/A       14%         2

Your spell library contained the following spells:

 Spells                   Type           Power      Damage    Failure   Level
 Confusing Touch          Hex            13%        N/A       14%         3
 Tukima's Dance           Hex            13%        N/A       14%         3
 Dazzling Flash           Conj/Hex       14%        N/A       28%         3


Dungeon Overview and Level Annotations

Branches:
Dungeon (1/15)

Altars:

Shops:
D:1 *


Innate Abilities, Weirdness & Mutations

You cannot wear most types of armour.
You are amphibious.
You can wear up to eight rings at the same time.
Your skin changes colour to match your surroundings (Stealth+).
Your rubbery body absorbs attacks. (AC +1, EV +1)
You are stealthy while swimming. (Stealth+)
You have tentacles for arms and can constrict up to eight enemies at once.


Message History

You see here a +0 leather armour.
The goblin resists with significant effort.
The goblin hits you with a +0 club.
You barely miss the goblin. Your grab misses the goblin.
The goblin closely misses you.
Your magical contamination has completely faded away.
The goblin resists with significant effort.
The goblin closely misses you.
Things that are here:
a +0 whip; a kobold skeleton You miscast Ensorcelled Hibernation.
You are very lightly contaminated with residual magic.
Nothing appears to happen.
The goblin closely misses you.
Your magical contamination has completely faded away.
The goblin resists with significant effort.
The goblin hits you with a +0 club.
You see here a +0 leather armour.
The goblin looks drowsy...
The helpless goblin fails to defend itself.
You impale the goblin!!
You kill the goblin!
Things that are here:
a +0 club; a goblin corpse A giant cockroach comes into view.
You see here a fuming golden potion.
A giant cockroach is nearby!
A giant cockroach is nearby!
A hobgoblin comes into view. It is wielding a +0 club.
The hobgoblin resists with significant effort.
The hobgoblin hits you with a +0 club.
You miscast Ensorcelled Hibernation.
You are very lightly contaminated with residual magic.
Nothing appears to happen.
The hobgoblin closely misses you.
You don't have enough magic to cast this spell.
You see here a fuming golden potion.
Your magical contamination has completely faded away.
You see here a +0 leather armour.
The hobgoblin closely misses you.
The hobgoblin resists with significant effort.
The hobgoblin hits you with a +0 club.
The hobgoblin resists with significant effort.
The hobgoblin hits you with a +0 club!
* * * LOW HITPOINT WARNING * * *
There is a stone staircase leading down here.
Aim: a hobgoblin, wielding a +0 club (chance to affect: 56%)
The hobgoblin resists with significant effort.
The hobgoblin hits you with a +0 club.
* * * LOW HITPOINT WARNING * * *
The hobgoblin hits you with a +0 club.
You die...

##### #...# #.#.#
#.#.#######
#.#.##..g.#
#.#.##.##@#
#)#.##.##.#
#.#.##.##.#
#.#.##.##.#
########.#....#..#
..........>####.##
############ #.#
#.# #.#


You could see a hobgoblin.

Vanquished Creatures
  A dart slug (D:1)
  2 giant cockroaches (D:1)
  3 hobgoblins (D:1)
  A bat (D:1)
  2 frilled lizards (D:1)
  4 goblins (D:1)
  2 kobolds (D:1)
15 creatures vanquished.

Notes
Turn   | Place    | Note
-------+----------+-------------------------------------------
     0 | D:1      | sahdkjhfkaj the Octopode Enchanter began the quest for the
                  | Orb.
     0 | D:1      | Reached XP level 1. HP: 11/11 MP: 3/3
     3 | D:1      | Noticed an electric eel
     4 | D:1      | Noticed an electric eel
   715 | D:1      | Reached XP level 2. HP: 12/17 MP: 3/5
   833 | D:1      | Learned a level 2 spell: Ensorcelled Hibernation
   857 | D:1      | Reached skill level 5 in Stealth
  1292 | D:1      | Found Nuocod's Assorted Antiques.
  1556 | D:1      | Slain by a hobgoblin

Illustrated notes

Levels and vault maps discovered:
D:1:      arrival_aquarium_b, layout_basic, serial_shops,
          nicolae_shop_overgrown_old_shop, minmay_pentomino_o4

Skill      XL: |  1  2 |
---------------+-------+-----
Stealth        | 5 |  5.0
Short Blades   | |  1.0
Dodging        | |  2.0
Spellcasting   | |  2.0
Hexes          | |  3.3

Action                   || total
-------------------------++-------
Melee: Dagger            ||    28
       Constrict         ||     8
       Tentacles         ||     3
 Cast: Corona            ||    10
       Ensorcelled Hiber ||    14
 Stab: Sleeping          ||     7
Armor: Skin              ||     2
Dodge: Dodged            ||    25

Table legend: (Time is in decaauts)
 A = Elapsed time spent in this place.
 B = Non-inter-level travel time spent in this place.
 C = Inter-level travel time spent in this place.
 D = Time resting spent in this place.
 E = Time spent auto-exploring this place.
 F = Levels seen in this place.
 G = Mean time per level.
                   A        B        C        D        E       F      G
               +--------+--------+--------+--------+--------+-----+--------+
         Total |   1554 |   1554 |      0 |      0 |    880 |   1 | 1554.0 |
       Dungeon |   1554 |   1554 |      0 |      0 |    880 |   1 | 1554.0 |
               +--------+--------+--------+--------+--------+-----+--------+

Top non-repeatable levels by time:
     D:1: 1554 daAuts
